 Dungeon Crawl Stone Soup version 0.23-a0-558-g30802b1 (console) character file.

7383 Duffy the Cleaver (level 10, 29/94 HPs)
             Began as a Deep Dwarf Gladiator on Dec 12, 2018.
             Was a Priest of Makhleb.
             Quit the game on level 9 of the Dungeon.
             The game lasted 00:09:58 (7688 turns).

Duffy the Cleaver (Deep Dwarf Gladiator)            Turns: 7688, Time: 00:09:59

Health: 29/94      AC: 18    Str: 20    XL:     10   Next: 92%
Magic:  0/0        EV: 10    Int: 13    God:    Makhleb [***...]
Gold:   530        SH:  0    Dex: 12    Spells: 9/9 levels left

rFire    . . .     SeeInvis +   L - +0 battleaxe
rCold    . . .     Gourm    .   (shield currently unavailable)
rNeg     . . .     Faith    .   y - +0 plate armour
rPois    +         Spirit   .   I - +1 helmet
rElec    .         Reflect  .   G - +1 cloak of the Sky {Regen+ rCorr Int+3 Dex-2}
rCorr    +         Harm     .   (no gloves)
MR       +....                  (no boots)
Stlth    ..........             (no amulet)
HPRegen  0.00/turn              k - ring of see invisible
MPRegen  0.07/turn              E - ring of poison resistance

@: non-regenerating
A: damage resistance, heal wounds, sense surroundings 2, no regeneration
a: Heal Wounds, Minor Destruction, Lesser Servant of Makhleb, Renounce Religion


You were on level 9 of the Dungeon.
You worshipped Makhleb.
Makhleb was most pleased with you.
You were not hungry.

You visited 2 branches of the dungeon, and saw 10 of its levels.

You collected 552 gold pieces.
You spent 22 gold pieces at shops.

Inventory:

Hand Weapons
 a - a +0 war axe
 b - a +1 whip of electrocution
 A - a +0 falchion of flaming
 L - a +0 battleaxe (weapon)
Missiles
 s - 4 throwing nets (quivered)
Armour
 y - a +0 plate armour (worn)
 C - a scarf of resistance
 G - the +1 cloak of the Sky (worn) {Regen+ rCorr Int+3 Dex-2}
   (You found it on level 6 of the Dungeon)

   It affects your intelligence (+3).
   It affects your dexterity (-2).
   It increases your rate of regeneration.
   It provides partial protection from all sources of acid and corrosion.
 I - a +1 helmet (worn)
 M - a +1 scale mail of cold resistance
Jewellery
 h - an uncursed ring of flight
 k - a ring of see invisible (left hand)
 E - a ring of poison resistance (right hand)
Wands
 c - a wand of enslavement (8)
 l - a wand of digging (6)
 m - a wand of polymorph (19)
 x - a wand of random effects (31)
 J - a wand of iceblast (21)
Scrolls
 e - 2 scrolls of enchant armour
 i - 7 scrolls of teleportation
 o - 2 scrolls of remove curse
 t - a scroll of random uselessness
 u - a scroll of blinking
 v - a scroll of fog
 w - 2 scrolls of immolation
 B - 2 scrolls of magic mapping
Potions
 d - 3 potions of agility
 g - a potion of resistance
 j - 3 potions of curing
 n - a potion of cancellation
 p - a potion of berserk rage
 q - a potion of flight
 z - a potion of heal wounds
 D - 4 potions of brilliance
 F - a potion of ambrosia
 H - a potion of haste
Comestibles
 f - 24 rations
 r - 4 chunks of flesh


   Skills:
 + Level 7.1 Fighting
 * Level 11.9 Axes
 - Level 1.7 Throwing
 + Level 8.2 Armour
 + Level 8.9 Dodging


You had 9 spell levels left.
You didn't know any spells.
Your spell library contained the following spells:

 Spells                   Type           Power        Failure   Level  Hunger
 Animate Skeleton         Necr           N/A          99%         1    ##.....
 Apportation              Tloc           #.....       99%         1    ##.....
 Confusing Touch          Hex            #.....       99%         1    ##.....
 Sting                    Conj/Pois      #...         99%         1    ##.....
 Summon Small Mammal      Summ           #...         99%         1    ##.....
 Poisonous Vapours        Pois/Air       #.....       100%        2    ###....
 Mephitic Cloud           Conj/Pois/Air  #.......     100%        3    ####...
 Olgreb's Toxic Radiance  Pois           #.......     100%        4    #####..
 Venom Bolt               Conj/Pois      #.........   100%        5    ######.


Dungeon Overview and Level Annotations

Branches:
Dungeon (9/15)             Temple (1/1) D:5
   Lair: D:8-11         Orc: D:9-12

Altars:
Ashenzari
Cheibriados
Dithmenos
Elyvilon
Fedhas
Gozag
Hepliaklqana
Kikubaaqudgha
Makhleb
Nemelex Xobeh
Okawaru
Qazlal
Ru
Sif Muna
Trog
Uskayaw
Vehumet
Wu Jian
Xom
Yredelemnul
Zin
The Shining One

Shops:
D:8 =


Innate Abilities, Weirdness & Mutations

You are resistant to damage.
You can heal yourself by infusing magical energy.
You passively map the area around you.
You do not regenerate.


Message History

You slice the centaur zombie!!
The centaur zombie is severely damaged.
The centaur zombie hits you but does no damage.
The centaur zombie hits you.
The crimson imp blinks!
You slice the centaur zombie!!
You destroy the centaur zombie!
Makhleb accepts your kill.
You feel better.
You completely miss the crimson imp. The crimson imp closely misses you.
The crimson imp barely misses you.
Your plate armour prevents you from hitting the crimson imp.
The crimson imp hits you but does no damage.
You miss the crimson imp.
Your plate armour prevents you from hitting the crimson imp.
The crimson imp blinks!
There is an open door here.
You barely miss the crimson imp. The crimson imp barely misses you.
You barely miss the crimson imp.
The crimson imp hits you but does no damage.
Are you sure you want to abandon this character and quit the game? (Confirm

#.###.............. #.#
##............. #.#
###..##.###... #.#
###.....###.#. #.#
#....##......<
#.####.......###)##
##..))....##### #%..
#..##)).#.# ####
#.@##(###.# ##< ###5###.#
#.# ##.. **#.....### #.#
**#... *#.........#**.#
*#.^...
#....?.$....#*,****..#...
*#...~~~~~...#*,,,,..##.>.
#.......(.....#,,,,.#*#...
#.....!.[.)...#,,,,,* ##..
#[.....[.$....#,,,,,* #...


You could see a crimson imp.

Vanquished Creatures
  Harold (D:8)
  A hydra (D:9)
  Pikel (D:4)
  6 yaks (D:9)
  A troll (D:9)
  2 dream sheep (D:9)
  A hippogriff (D:9)
  Eustachio (D:4)
  Grum (D:8)
  Menkaure (D:7)
  2 sky beasts
  2 ice beasts
  A phantom (D:4)
  An ogre (D:6)
  3 orc warriors
  3 wolves (D:8)
  2 centaurs
  4 bullfrogs
  3 big kobolds (D:9)
  2 scorpions
  A water moccasin skeleton (D:7)
  3 killer bees (D:7)
  A howler monkey (D:4)
  3 crimson imps
  A centaur zombie (D:9)
  A bullfrog zombie (D:5)
  Crazy Yiuf (D:7)
  4 hounds
  2 bullfrog skeletons
  2 jellies
  6 orc priests
  A gnoll shaman (D:6)
  Jessica (D:3)
  Natasha (thrice) (D:4)
  Ijyb (D:4)
  An iguana (D:4)
  4 orc wizards
  9 worker ants
  A hound zombie (D:6)
  A hound skeleton (D:3)
  A howler monkey zombie (D:6)
  A worker ant zombie (D:7)
  12 gnolls
  4 adders
  An adder skeleton (D:8)
  2 dart slugs
  A worm (D:4)
  A leopard gecko (D:4)
  31 orcs
  2 ball pythons (D:1)
  A giant cockroach (D:1)
  11 goblins
  7 hobgoblins
  A jackal (D:3)
  4 quokkas
  7 bats
  3 frilled lizards
  A giant cockroach zombie (D:5)
  13 kobolds
  A leopard gecko skeleton (D:7)
  7 rats
198 creatures vanquished.

Vanquished Creatures (others)
  A two-headed ogre (D:9)
  A bullfrog (D:4)
  A giant cockroach (D:4)
3 creatures vanquished.

Grand Total: 201 creatures vanquished

Notes
Turn   | Place    | Note
-------+----------+-------------------------------------------
     0 | D:1      | Duffy the Deep Dwarf Gladiator began the quest for the Orb.
     0 | D:1      | Reached XP level 1. HP: 19/19 MP: 1/1
   143 | D:1      | Reached XP level 2. HP: 20/26 MP: 2/2
   326 | D:1      | Reached skill level 1 in Armour
   679 | D:1      | Reached skill level 4 in Axes
   679 | D:1      | Reached XP level 3. HP: 14/32 MP: 3/3
  1634 | D:3      | Noticed Jessica
  1644 | D:3      | Killed Jessica
  1644 | D:3      | Reached XP level 4. HP: 35/40 MP: 4/4
  2578 | D:4      | Reached XP level 5. HP: 30/46 MP: 5/5
  2593 | D:4      | Noticed Pikel
  2593 | D:4      | Noticed a slave
  2593 | D:4      | Noticed a slave
  2593 | D:4      | Noticed a slave
  2593 | D:4      | Noticed a slave
  2625 | D:4      | Noticed Eustachio
  2627 | D:4      | Killed Pikel
  2627 | D:4      | Reached skill level 6 in Axes
  2627 | D:4      | Reached skill level 5 in Dodging
  2627 | D:4      | Reached XP level 6. HP: 39/56 MP: 5/5
  2627 | D:4      | Reached XP level 7. HP: 43/62 MP: 6/6
  2654 | D:4      | Killed Eustachio
  2784 | D:4      | Reached skill level 7 in Axes
  2988 | D:4      | Reached XP level 8. HP: 61/72 MP: 7/7
  3061 | D:4      | Noticed Ijyb
  3065 | D:4      | Killed Ijyb
  3084 | D:4      | Noticed Natasha
  3087 | D:4      | Found a sacrificial altar of Ru.
  3104 | D:4      | Killed Natasha
  3230 | D:4      | Noticed Natasha
  3241 | D:4      | Killed Natasha
  3475 | D:4      | Noticed Natasha
  3478 | D:4      | Killed Natasha
  3518 | D:5      | Entered Level 5 of the Dungeon
  3810 | D:5      | Reached skill level 8 in Axes
  3849 | D:5      | Found a staircase to the Ecumenical Temple.
  3867 | Temple   | Entered the Ecumenical Temple
  4048 | Temple   | Became a worshipper of Makhleb the Destroyer
  4201 | D:5      | Reached skill level 5 in Armour
  4808 | D:6      | Got a crude cloak
  4819 | D:6      | Identified the +1 cloak of the Sky {Regen+ rCorr Int+3
                  | Dex-2} (You found it on level 6 of the Dungeon)
  4839 | D:6      | Reached * piety under Makhleb
  4843 | D:6      | Reached skill level 5 in Fighting
  5339 | D:7      | Noticed Menkaure
  5347 | D:7      | Gained mutation: You passively map the area around you.
                  | [Deep Dwarf growth]
  5347 | D:7      | Reached XP level 9. HP: 54/81 MP: 6/6
  5368 | D:7      | Killed Menkaure
  5368 | D:7      | Reached skill level 9 in Axes
  5895 | D:7      | Found a runed door.
  6060 | D:7      | Noticed Crazy Yiuf
  6063 | D:7      | Killed Crazy Yiuf
  6317 | D:8      | Noticed Grum
  6372 | D:8      | Killed Grum
  6440 | D:8      | Found Boxair's Jewellery Shop.
  6443 | D:8      | Bought a cursed amulet of inaccuracy for 22 gold pieces
  6722 | D:8      | Reached skill level 10 in Axes
  6727 | D:8      | Reached ** piety under Makhleb
  6883 | D:8      | Noticed Harold
  6902 | D:8      | Killed Harold
  6902 | D:8      | Reached XP level 10. HP: 76/91 MP: 3/3
  7132 | D:9      | Noticed a two-headed ogre
  7418 | D:9      | Reached skill level 11 in Axes
  7448 | D:9      | Noticed a three-headed hydra
  7457 | D:9      | Killed a one-headed hydra
  7665 | D:9      | Reached *** piety under Makhleb
  7688 | D:9      | Quit the game

Vault maps used:
D:1:      ebering_hopf_link, serial_bayou, serial_bayou_crossing,
          serial_bayou_pond_d, serial_bayou_shore_b, serial_bayou_ford_a
D:3:      minmay_door_path, first_ration, lemuel_another_geyser, uniq_jessica
D:4:      hangedman_ru_absence, minmay_misc_feat_columns, uniq_eustachio,
          uniq_ijyb, uniq_natasha, uniq_pikel
D:5:      minmay_temple_entry_butterflies, sigmund_army
D:6:      minmay_pentangle
D:7:      uniq_crazy_yiuf_cottage, uniq_menkaure
D:8:      serial_shops, nicolae_shop_behind_doors, uniq_grum, uniq_harold
D:9:      hangedman_cross_stitches, hangedman_ranch, grunt_decor_fettered,
          grunt_potential
Temple:   minmay_crystal_snake_temple

Skill      XL: |  1  2  3  4  5  6  7  8  9 10 |
---------------+-------------------------------+-----
Fighting       | 2 3 4 5 6 7 |  7.1
Armour         | 1 2 3 4 5 7 8 |  8.2
Axes           | 4 6 7 8 10 11 | 11.9
Dodging        | 4 5 6 7 8 |  8.9
Throwing       | |  1.7

Action                   |  1- 3 |  4- 6 |  7- 9 | 10-12 || total
-------------------------+-------+-------+-------+-------++-------
Melee: War axe           |   135 |    61 |    18 |       ||   214
       Whip              |       |       |   542 |       ||   542
       Battleaxe         |       |       |       |   159 ||   159
       Falchion          |       |       |       |     7 ||     7
Throw: Throwing net      |       |     3 |       |       ||     3
 Abil: Heal Wounds       |     1 |     5 |    14 |     6 ||    26
Evoke: Wand              |       |       |       |     6 ||     6
  Use: Scroll            |       |       |    11 |    10 ||    21
 Stab: Held in net/web   |       |     4 |       |       ||     4
  Eat: Chunk             |     1 |     5 |    14 |     3 ||    23
Armor: Leather armour    |    16 |       |       |       ||    16
       Scale mail        |    42 |    18 |    35 |       ||    95
       Plate armour      |       |       |   282 |   135 ||   417
Dodge: Dodged            |   101 |    35 |   280 |   127 ||   543

Table legend:
 A = Non-vault XP
 B = Vault XP
 C = Vault XP percentage of total XP
 D = Non-vault monster count
 E = Vault monster count
 F = Vault count percentage of total count
                 A         B        C        D         E       F
            +---------+---------+-------+---------+---------+-------
      Total |    3162 |    7386 |  70.0 |     151 |      48 |  24.1
            +---------+---------+-------+---------+---------+-------
        D:1 |      54 |       0 |   0.0 |      27 |       0 |   0.0
        D:2 |      35 |       0 |   0.0 |      16 |       0 |   0.0
        D:3 |      36 |      40 |  52.6 |      11 |       3 |  21.4
        D:4 |     604 |     982 |  61.9 |      24 |       4 |  14.3
        D:5 |     460 |      19 |   4.0 |      17 |       3 |  15.0
        D:6 |     418 |      78 |  15.7 |      18 |       3 |  14.3
        D:7 |     743 |     216 |  22.5 |      17 |       2 |  10.5
        D:8 |     447 |    1553 |  77.7 |      13 |       5 |  27.8
        D:9 |     365 |    4498 |  92.5 |       8 |      28 |  77.8
            +---------+---------+-------+---------+---------+-------
